 Dungeon Crawl Stone Soup version 0.28-a0-662-g1651b1f1e0 (webtiles) character file.

Game seed: 13105778524386798018

7 jasper the Skirmisher (level 1, -1/18 HPs)
             Began as a Demonspawn Cinder Acolyte on Oct 15, 2021.
             Was a High Priest of Ignis.
             Frozen to death by an endoplasm (2 damage)
             ... on level 1 of the Dungeon.
             The game lasted 00:00:42 (635 turns).

jasper the Skirmisher (Demonspawn Cinder Acolyte)    Turns: 635, Time: 00:00:43

Health: -1/18      AC:  8    Str: 14    XL:     1   Next: 91%
Magic:  2/2        EV:  6    Int: 15    God:    Ignis [*****.]
Gold:   0          SH:  0    Dex:  8    Spells: 2/2 levels left

rFire   + . .      SeeInvis .     - Unarmed
rCold   . . .      Faith    .   (no shield)
rNeg    + . .      Spirit   .   f - +0 chain mail
rPois   .          Reflect  .   (no helmet)
rElec   .          Harm     .   (no cloak)
rCorr   .          Rampage  .   (no gloves)
Will    .....                   (no boots)
Stlth   ..........              (no amulet)
HPRegen 0.06/turn               c - ring of positive energy
MPRegen 0.08/turn               e - ring of wizardry

@: no status effects
A: no striking features
a: Renounce Religion, Sea of Fire, Foxfire Swarm, Rising Flame


You were on level 1 of the Dungeon.
You worshipped Ignis.
Ignis was extremely pleased with you.
You visited 1 branch of the dungeon, and saw 1 of its levels.

Inventory:

Missiles
 d - 47 stones (quivered)
Armour
 a - a +0 robe
 f - a +0 chain mail (worn)
Jewellery
 c - a ring of positive energy (left hand)
 e - a ring of wizardry (right hand)
Scrolls
 b - 3 scrolls of teleportation {unknown}


   Skills:
 + Level 3.1 Fighting
 + Level 0.3 Armour
 + Level 0.3 Dodging
 * Level 2.9 Unarmed Combat
 - Level 1.0 Spellcasting
 - Level 2.6 Fire Magic


You had 2 spell levels left.
You didn't know any spells.
Your spell library contained the following spells:

 Spells                   Type           Power      Damage    Failure   Level
 Scorch                   Fire           16%        2d5       78%         2


Dungeon Overview and Level Annotations

Branches:
Dungeon (1/15)

Altars:


Message History

You kill the jackal!
You closely miss the jackal. The jackal bites you.
You take 1 damage, and have 14/18 hp.
You closely miss the jackal.
The jackal bites you but does no damage.
The endoplasm freezes you.
You are frozen.
The jackal bites you but does no damage.
You take 5 damage, and have 9/18 hp.
MASSIVE DAMAGE!!
You closely miss the jackal.
The jackal bites you but does no damage.
The endoplasm hits you but does no damage.
You hit the jackal. Your punch misses the jackal.
The jackal is severely wounded.
The jackal bites you.
The endoplasm hits you but does no damage.
You take 1 damage, and have 8/18 hp.
You closely miss the jackal.
The jackal is severely wounded.
The jackal bites you.
The jackal bites you but does no damage.
You take 2 damage, and have 6/18 hp.
You hit the jackal.
You kill the jackal!
The endoplasm hits you but does no damage.
You barely miss the jackal.
The jackal bites you but does no damage.
The endoplasm barely misses you.
You hit the jackal.
The jackal is heavily wounded.
The jackal bites you but does no damage.
The endoplasm freezes you.
You are frozen.
* * * LOW HITPOINT WARNING * * *
The jackal barely misses you.
You hit the jackal.
The jackal is almost dead.
The endoplasm freezes you.
You are frozen.
You die...

#.#
#.#####.#.#.####.#.##.
#.#
#.#....>.h............
#.#
#.).....h.#.####+#.##.
#.# ###.###.### #
#....... #.#
#.#.....#.# #....##.
#.# #.#.#.#.#.# #...
#. #.# #.#.#.......+..
#. #.# #.#h#...#.###.
#. #.# #.#@#...#.# .
#. #.# ##'#J#...# # #.
#.# #........# #. #.#
#...####.# #. #.#
#...####.#+#########.
#.#
##........†...........
#.#
#.............####....
#.# #.............#
#..... #(#
#......######## #..###


You could see an endoplasm and a jackal.

Vanquished Creatures
  2 giant cockroaches (D:1)
  2 jackals (D:1)
  A kobold (D:1)
  A rat (D:1)
6 creatures vanquished.

Notes
Turn   | Place    | Note
-------+----------+-------------------------------------------
     0 | D:1      | jasper the Demonspawn Cinder Acolyte began the quest for
                  | the Orb.
     0 | D:1      | Reached XP level 1. HP: 18/18 MP: 2/2
   635 | D:1      | Frozen to death by an endoplasm

Illustrated notes

Levels and vault maps discovered:
D:1:      saegor_arrival_simple_b, layout_basic

Action                   || total
-------------------------++-------
Melee: Unarmed           ||    40
Armor: Chain mail        ||    21
       Robe              ||     4
Dodge: Dodged            ||    11

Table legend: (Time is in decaauts)
 A = Elapsed time spent in this place.
 B = Non-inter-level travel time spent in this place.
 C = Inter-level travel time spent in this place.
 D = Time resting spent in this place.
 E = Time spent auto-exploring this place.
 F = Levels seen in this place.
 G = Mean time per level.
                   A        B        C        D        E       F      G
               +--------+--------+--------+--------+--------+-----+--------+
         Total |    631 |    607 |     24 |    126 |    372 |   1 |  631.0 |
       Dungeon |    631 |    607 |     24 |    126 |    372 |   1 |  631.0 |
               +--------+--------+--------+--------+--------+-----+--------+

Top non-repeatable levels by time:
     D:1: 631 daAuts
